 Dungeon Crawl Stone Soup version 0.29.1-15-g9cfb28693d (webtiles) character file.

Game seed: 4477430498905040445

2 sentinel the Digger (level 1, 14/14 HPs)
             Began as a Meteoran Earth Elementalist on Aug 15, 2023.
             Was a Follower of Nemelex Xobeh.
             Quit the game on level 1 of the Dungeon.
             The game lasted 00:01:06 (64 turns).

sentinel the Digger (Meteoran Earth Elementalist)     Turns: 64, Time: 00:01:06

Health: 14/14      AC:  2    Str:  9    XL:     1   Next: 57%
Magic:  4/5        EV: 12    Int: 16    God:    Nemelex Xobeh [*.....]
Gold:   0          SH:  0    Dex: 14    Spells: 4/5 levels left

rFire   . . .      SeeInvis .   (no weapon)
rCold   . . .      Faith    .   (no shield)
rNeg    . . .      Spirit   .   a - +0 robe
rPois   .          Reflect  .   (no helmet)
rElec   .          Harm     .   (no cloak)
rCorr   .          Rampage  .   (no gloves)
Will    .....                   (no boots)
Stlth   +.........              (no amulet)
HPRegen 0.04/turn               (no ring)
MPRegen 0.09/turn               (no ring)

@: glowing
A: sense surroundings 1, otherworldly, glowing, explore regen
a: Renounce Religion, Draw Escape, Draw Destruction, Draw Summoning


You were on level 1 of the Dungeon.
You worshipped Nemelex Xobeh.
Nemelex Xobeh was aware of your devotion.
You visited 1 branch of the dungeon, and saw 1 of its levels.

Inventory:

Armour
 a - a +0 robe (worn)
Jewellery
 c - an amulet of the acrobat
Potions
 b - a potion of magic


   Skills:
 - Level 2.4 Dodging
 - Level 1.4 Stealth
 - Level 2.6 Spellcasting
 - Level 1.2 Transmutations
 + Level 3.9 Earth Magic


You had 4 spell levels left.
You knew the following spells:

 Your Spells              Type           Power      Damage    Failure   Level
a - Sandblast             Erth           28%        2d8       4%          1

Your spell library contained the following spells:

 Spells                   Type           Power      Damage    Failure   Level
 Passwall                 Tmut/Erth      8%         N/A       11%         2
 Stone Arrow              Conj/Erth      16%        3d8       26%         3
 Petrify                  Tmut/Erth      10%        N/A       56%         4


Dungeon Overview and Level Annotations

Branches:
Dungeon (1/15) Zot: 535

Altars:
Nemelex Xobeh


Innate Abilities, Weirdness & Mutations

You passively map a small area around you.
You are easily found by Zot.
You glow in the dark.
You regain HP and MP as you explore.


Message History

Welcome, sentinel the Meteoran Earth Elementalist.
Will you prevail where others failed? Will you find the Orb of Zot?
Press ? for a list of commands and other information.
Found a staircase leading out of the dungeon.
Unknown command.
Unknown command.
Unknown command.
c - an amulet of the acrobat Unknown command.
Found a faded altar of an unknown god.
Unknown command.
Found 6 gold pieces.
Unknown command.
A goblin comes into view. It is wielding a +0 dagger.
The goblin shouts!
Unknown command.
But you're not safe!
Unknown command.
A goblin comes into view. It is wielding a +0 club.
The goblin shouts!
Your line of fire to the goblin is blocked by a fungus.
Your line of fire to the goblin is blocked by a fungus.
Unknown command.
Your line of fire to the goblin is blocked by a fungus.
Unknown command.
Your line of fire to the goblin is blocked by a fungus.
Unknown command.
Your line of fire to the goblin is blocked by a fungus.
Unknown command.
Your line of fire to the goblin is blocked by a fungus.
Your line of fire to the goblin is blocked by a fungus.
Okay, then.
Saving game... please wait.
Welcome back, sentinel the Meteoran Earth Elementalist.
Press ? for a list of commands and other information.
Okay, then.
Press: ? - help, v - describe, . - travel
Here: a goblin, wielding a +0 club The floor.
Your line of fire to the goblin is blocked by a fungus.
Your line of fire to the goblin is blocked by a fungus.
The blast of sand hits the goblin!
You kill the goblin!
The blast of sand hits the goblin!
You kill the goblin!
You can't see any susceptible monsters within range! (Use Z to cast anyway.)
You hit the fungus.
The fungus begins to die.
The fungus is lightly damaged.
A nearby fungus withers and dies.
There is a faded altar of an unknown god here.
You cannot tell which god this altar belongs to.
Convert to them anyway?
Nemelex Xobeh accepts your prayer! Nemelex Xobeh welcomes you!
You can now draw from decks of power.
Nemelex will now gift you decks of power as you gain piety.
Nemelex Xobeh deals you some cards!
You now have 1 escape card, 5 destruction cards and 1 summoning card.
Are you sure you want to abandon this character and quit the game? (Confirm with "yes".)

..#...#..# * * *
........##### , , ,
#..##..##...
.#####,.###.#...........
...... ............#####
, *
...P.,.P.P.#####..#....
,*.##..P
♣♣♣..###....#....
......♣♣........##.#.##.
* ....
♣P@P♣..##..#..#..#. ,
..#..♣.♣P♣$.##..#..#<.#.
,
#......P...P.....#..##.#.
###........P.##..#.....#.
,,
##.....)).###..#.....#. *
* #.....######
#..#######. * #..... *
#.......... , #..... *
.......#### #..... *
*#.##..*


There were no monsters in sight!

Vanquished Creatures
  2 goblins (D:1)
2 creatures vanquished.

Vanquished Creatures (others)
  A fungus (D:1)
1 creature vanquished.

Grand Total: 3 creatures vanquished

Notes
Turn   | Place    | Note
-------+----------+-------------------------------------------
     0 | D:1      | sentinel the Meteoran Earth Elementalist began the quest
                  | for the Orb.
     0 | D:1      | Reached XP level 1. HP: 14/14 MP: 5/5
    46 | D:1      | Found a faded altar of an unknown god.
    63 | D:1      | Prayed at the altar of an unknown god.
    63 | D:1      | Became a worshipper of Nemelex Xobeh the Trickster
    63 | D:1      | Reached * piety under Nemelex Xobeh
    63 | D:1      | Received a gift from Nemelex Xobeh
    64 | D:1      | Quit the game

Illustrated notes

Levels and vault maps discovered:
D:1:      ebering_hopf_link, layout_loops_cross,
          dreamdust_ecumenical_altar_grove, hangedman_decor_points,
          minmay_small_reverse_x

Action                   || total
-------------------------++-------
Melee: Unarmed           ||     1
 Cast: Sandblast         ||     2
